 Dungeon Crawl Stone Soup version 0.17-a0-2014-g32cd421 (webtiles) character file.

21399 graki42 the Eclecticist (level 12, -6/62 HPs)
             Began as a Deep Elf Fire Elementalist on Oct 9, 2015.
             Was an Elder of Vehumet.
             Mangled by a spiny frog (22 damage)
             ... on level 4 of the Lair of Beasts.
             The game lasted 01:17:26 (14734 turns).

graki42 the Eclecticist (DEFE)                     Turns: 14734, Time: 01:17:26

Health: -6/62      AC:  6    Str: 11    XL:     12   Next: 53%
Magic:  11/33      EV: 16    Int: 28    God:    Vehumet [****..]
Gold:   620        SH:  0    Dex: 15    Spells: 7 memorised, 15 levels left

rFire  + . .     SeeInvis .     E - staff of wizardry
rCold  x . .     Clarity  .     A - +1 robe {MR+}
rNeg   . . .     SustAt   .     (no shield)
rPois  +         Gourm    .     i - +0 hat
rElec  +         Spirit   .     o - +1 cloak
rCorr  .         Warding  .     R - +0 pair of gloves
rMut   .         Stasis   .     (no boots)
MR     +....                    (no amulet)
Stlth  +++.......               B - ring of poison resistance
                                U - ring of Symmetry {Fire rElec MR- Str+3 Int+5}

@: somewhat resistant to hostile enchantments, fairly stealthy
A: no striking features
a: Renounce Religion


You were on level 4 of the Lair of Beasts.
You worshipped Vehumet.
Vehumet was greatly pleased with you.
You were not hungry.

You visited 3 branches of the dungeon, and saw 14 of its levels.

You collected 620 gold pieces.

Inventory:

Hand Weapons
 q - a +0 flail of protection
Missiles
 p - 2 throwing nets (quivered)
Armour
 i - a +0 hat (worn)
 o - a +1 cloak (worn)
 w - a +2 robe of cold resistance
 A - a +1 robe of magic resistance (worn)
 R - a +0 pair of gloves (worn)
 V - a +1 robe of fire resistance
Magical Staves
 z - an uncursed staff of summoning
 E - an uncursed staff of wizardry (weapon)
Jewellery
 B - a ring of poison resistance (right hand)
 U - the ring of Symmetry (left hand) {Fire rElec MR- Str+3 Int+5}
   (You found it on level 1 of the Lair of Beasts)

   [ring of fire]

   It enhances your fire magic, and weakens your ice magic.
   It affects your strength (+3).
   It affects your intelligence (+5).
   It protects you from fire.
   It makes you vulnerable to cold.
   It insulates you from electricity.
   It affects your resistance to hostile enchantments.
Wands
 u - a wand of heal wounds (0)
 G - a wand of digging (9)
 O - a wand of disintegration (8)
 W - a wand of fireball (8)
Scrolls
 a - 3 scrolls of noise {unknown}
 e - 5 scrolls of fog {unknown}
 f - 9 scrolls of remove curse
 l - 4 scrolls of teleportation
 n - 3 scrolls of enchant weapon {unknown}
 r - 2 scrolls of identify
 v - a scroll of blinking {unknown}
 y - 3 scrolls of magic mapping {unknown}
 D - a scroll of vulnerability {unknown}
 H - a scroll of random uselessness {unknown}
 L - a scroll of summoning {unknown}
 M - a scroll of recharging {unknown}
 Q - a scroll of holy word {unknown}
Potions
 b - a potion of lignification {unknown}
 d - 8 potions of heal wounds
 j - a potion of magic {unknown}
 m - 2 potions of haste
 s - 4 potions of brilliance
 t - a potion of resistance
 x - 2 potions of might
 C - 6 potions of curing
Comestibles
 c - 14 bread rations
 g - 2 beef jerkies
 h - 2 slices of pizza
 k - a meat ration
 F - 5 chunks of flesh
 I - 8 fruits


   Skills:
 + Level 2.0 Fighting
 + Level 1.2 Maces & Flails
 + Level 0.2(1.0) Staves
 - Level 7.0 Dodging
 + Level 5.7 Stealth
 + Level 15.3 Spellcasting
 + Level 10.6 Conjurations
 + Level 3.9 Hexes
 + Level 0.9 Translocations
 + Level 11.9 Fire Magic
 + Level 5.0 Earth Magic
 + Level 0.2 Evocations


You had 15 spell levels left.
You knew the following spells:

 Your Spells              Type           Power        Failure   Level  Hunger
a - Flame Tongue          Conj/Fire      #####        1%          1    None
b - Conjure Flame         Conj/Fire      #######.     1%          3    None
c - Inner Flame           Hex/Fire       #######.     1%          3    None
d - Sticky Flame          Conj/Fire      #######.     1%          4    None
e - Fireball              Conj/Fire      #######...   1%          5    None
f - Iron Shot             Conj/Erth      ######....   2%          6    ####...
g - Force Lance           Conj/Tloc      ######..     1%          4    None


Dungeon Overview and Level Annotations

Branches:
Dungeon (8/15)             Temple (1/1) D:5            Lair (5/8) D:8
 Spider (0/4) Lair:3
  Swamp: Lair:3-6    Shoals: Lair:3-6

Altars:
Ashenzari
Cheibriados
Dithmenos
Elyvilon
Fedhas
Gozag
Kikubaaqudgha
Makhleb
Nemelex Xobeh
Okawaru
Qazlal
Ru
Sif Muna
Trog
Vehumet
Xom
Yredelemnul
Zin
The Shining One


Message History

Evoking this partially-identified wand wasted a few charges.
The death yak burns!
The death yak gores you! The spiny frog stings you!
* * * LOW HITPOINT WARNING * * *
Casting: Force Lance
Confirm with . or Enter, or press ? or * to list all spells.
Aiming: Sticky Flame
Press: ? - help, Shift-Dir - straight line, f - spiny frog
Aim: a spiny frog You feel a surge of power!
The sticky flame hits the spiny frog.
The spiny frog is lightly wounded.
The spiny frog is covered in liquid flames!
The death yak burns!
You kill the death yak!
Vehumet accepts your kill.
You feel your power returning.
Your Fighting skill increases to level 2!
The spiny frog burns!
The spiny frog closely misses you.
The spiny frog burns!
The spiny frog barely misses you.
The spiny frog burns!
The spiny frog stings you!!
You die...

........... .........#
####..## ........#
......## ..P...PP#
#####......##
####...####.P#P....!.P###.
##.....................
#..................#..
##....#.#..............
#..<.## # #..@F>.......
#P..## ##...†....... #...#
#............ ##..##
###.......... #....#
##.÷.÷...... #....#
##.÷.#...#... #.#..###
###..####.#####
###....###.....# ##
#....S..†..###


You could see a spiny frog (burning).

Vanquished Creatures
  Erolcha (D:8)
  2 death yaks
  The ghost of B1inky the Blocker, a novice OpFi (D:5)
  5 black mambas
  5 elephants
  A torpor snail (Lair:3)
  7 spiny frogs
  A komodo dragon (Lair:2)
  A polar bear (Lair:5)
  5 blink frogs
  Sigmund (D:4)
  The ghost of Cenon the Ruffian, an amateur VSTm of Okawaru (D:4)
  3 basilisks
  A spriggan (D:7)
  A wyvern (D:8)
  17 yaks
  4 hippogriffs
  Menkaure (D:6)
  10 wolves
  5 water moccasins
  3 orc warriors
  7 spiders (Lair:3)
  4 porcupines
  2 sky beasts
  A black bear (D:7)
  An ice beast (D:5)
  A necrophage (D:6)
  5 ogres
  3 phantoms
  A big kobold (D:6)
  6 giant frogs
  11 crocodiles
  4 centaurs
  Blork the orc (D:6)
  3 scorpions
  An electric eel (Lair:3)
  2 quasits
  A crimson imp (D:8)
  A giant frog zombie (D:6)
  8 orc wizards
  7 iguanas
  A giant frog skeleton (D:8)
  7 worker ants
  4 orc priests
  4 hounds
  7 hell rats (Lair:3)
  A killer bee zombie (D:8)
  4 sheep (Lair:3)
  A hound skeleton (D:8)
  4 gnolls (D:4)
  52 river rats
  8 adders
  2 shadow imps
  A worm (D:3)
  2 giant geckos
  30 orcs
  10 goblins
  12 hobgoblins
  10 jackals
  5 quokkas
  2 ball pythons
  5 bats
  5 giant cockroaches
  A giant gecko zombie (D:6)
  2 giant newts (D:1)
  5 kobolds
  A quokka zombie (D:5)
  5 rats
  A fungus (Lair:4)
  A plant (Lair:3)
339 creatures vanquished.

Vanquished Creatures (others)
  6 fungi
6 creatures vanquished.

Grand Total: 345 creatures vanquished

Notes
Turn   | Place    | Note
--------------------------------------------------------------
     0 | D:1      | graki42 the Deep Elf Fire Elementalist began the quest for the Orb.
     0 | D:1      | Reached XP level 1. HP: 10/10 MP: 6/6
   501 | D:1      | Reached XP level 2. HP: 15/15 MP: 6/8
   998 | D:2      | Reached skill level 4 in Fire Magic
  1266 | D:2      | Reached XP level 3. HP: 19/19 MP: 7/9
  2226 | D:3      | Learned a level 3 spell: Conjure Flame
  2230 | D:3      | Learned a level 3 spell: Inner Flame
  2302 | D:3      | Reached XP level 4. HP: 7/24 MP: 0/12
  2579 | D:3      | Found a basalt altar of Yredelemnul.
  2958 | D:4      | Reached XP level 5. HP: 28/28 MP: 8/13
  3106 | D:4      | Noticed Sigmund
  3112 | D:4      | Killed Sigmund
  3112 | D:4      | Reached skill level 5 in Spellcasting
  3112 | D:4      | Reached skill level 5 in Fire Magic
  3112 | D:4      | Reached XP level 6. HP: 24/33 MP: 0/16
  3562 | D:4      | Reached skill level 6 in Spellcasting
  3562 | D:4      | Reached XP level 7. HP: 37/37 MP: 13/18
  3675 | D:4      | Found a shadowy altar of Dithmenos.
  3682 | D:4      | Noticed a phantom
  3682 | D:4      | Reached skill level 1 in Fighting
  3694 | D:4      | Noticed Cenon's ghost (amateur VSTm)
  3708 | D:4      | Killed Cenon's ghost
  3771 | D:4      | Killed a phantom
  3946 | D:4      | Got an encrusted scale mail
  3957 | D:4      | Identified the cursed +0 scale mail of Bitterness {Str+4 Dex-3} (You found it on level 4 of the Dungeon)
  4082 | D:4      | Found a snail-covered altar of Cheibriados.
  4527 | D:5      | Entered Level 5 of the Dungeon
  4529 | D:5      | Reached skill level 7 in Spellcasting
  4538 | D:5      | Reached skill level 1 in Hexes
  4584 | D:5      | Learned a level 4 spell: Sticky Flame
  4644 | D:5      | Reached XP level 8. HP: 28/43 MP: 14/20
  4768 | D:5      | Noticed B1inky's ghost (novice OpFi)
  4786 | D:5      | Killed B1inky's ghost
  5029 | D:6      | Reached skill level 8 in Spellcasting
  5029 | D:6      | Reached skill level 5 in Conjurations
  5345 | D:6      | Reached skill level 9 in Spellcasting
  5381 | D:6      | Noticed Menkaure
  5385 | D:6      | Killed Menkaure
  5385 | D:6      | Reached XP level 9. HP: 29/47 MP: 12/24
  5678 | D:6      | Noticed Blork the orc
  5686 | D:6      | Killed Blork the orc
  5776 | D:6      | Reached skill level 5 in Dodging
  5837 | D:6      | Reached skill level 10 in Spellcasting
  6354 | D:5      | Found a staircase to the Ecumenical Temple.
  6363 | Temple   | Entered the Ecumenical Temple
  6370 | Temple   | Became a worshipper of Vehumet
  6991 | D:6      | Found a white marble altar of Elyvilon.
  7270 | D:7      | Learned a level 5 spell: Fireball
  7696 | D:7      | Acquired Vehumet's first power
  7696 | D:7      | Offered knowledge of Freeze by Vehumet.
  8120 | D:8      | Reached skill level 5 in Stealth
  8276 | D:8      | Found a staircase to the Lair.
  8354 | D:8      | Noticed Erolcha
  8406 | D:8      | Reached skill level 11 in Spellcasting
  8464 | D:8      | Reached XP level 10. HP: 52/52 MP: 13/27
  8486 | D:8      | Killed Erolcha
  8853 | D:8      | Found a sacrificial altar of Ru.
  9382 | Lair:1   | Entered Level 1 of the Lair of Beasts
  9741 | Lair:1   | Reached skill level 12 in Spellcasting
  9743 | Lair:1   | Noticed a black mamba
  9759 | Lair:1   | Killed a black mamba
  9759 | Lair:1   | Reached skill level 1 in Maces & Flails
  9916 | Lair:1   | Got a scintillating platinum ring
  9918 | Lair:1   | Identified the ring of Symmetry {Fire rElec MR- Str+3 Int+5} (You found it on level 1 of the Lair of Beasts)
 10427 | Lair:2   | Noticed a black mamba
 10439 | Lair:2   | Killed a black mamba
 10516 | Lair:2   | Offered knowledge of Shock by Vehumet.
 10516 | Lair:2   | Reached skill level 10 in Fire Magic
 10677 | Lair:2   | Reached XP level 11. HP: 10/56 MP: 24/29
 11821 | Lair:2   | Learned a level 6 spell: Iron Shot
 11884 | Lair:3   | Reached skill level 1 in Earth Magic
 12025 | Lair:3   | Offered knowledge of Throw Frost by Vehumet.
 12084 | Lair:3   | Reached skill level 13 in Spellcasting
 12389 | Lair:3   | Acquired Vehumet's second power
 12743 | Lair:3   | Offered knowledge of Force Lance by Vehumet.
 12758 | Lair:3   | Learned a level 4 spell: Force Lance
 12961 | Lair:3   | Found a hole to the Spider Nest.
 13066 | Lair:3   | Acquired Vehumet's third power
 13237 | Lair:3   | Offered knowledge of Fulminant Prism by Vehumet.
 13782 | Lair:4   | Reached skill level 14 in Spellcasting
 14006 | Lair:4   | Reached XP level 12. HP: 62/62 MP: 22/32
 14021 | Lair:4   | Reached skill level 10 in Conjurations
 14150 | Lair:4   | Reached skill level 5 in Earth Magic
 14644 | Lair:5   | Reached skill level 15 in Spellcasting
 14734 | Lair:4   | Mangled by a spiny frog

Vault maps used:
D:1:      dpeg_arrival_fog
D:3:      lemuel_doored_altar, kennysheep_generic_room_7
D:4:      cheibriados_altar_1, nicolae_dithmenos_shadow_blocks, sigmund_army
D:5:      temple_statues, first_bread
D:6:      hangedman_cross_stitches, serial_undead, serial_undead_c,
          serial_undead_a, serial_undead_c, serial_undead_f, elyvilon_altar_1,
          uniq_menkaure, uniq_blork_the_orc
D:7:      the_bakery, amalloy_card_club
D:8:      nicolae_ru_the_path_less_chosen, lair_0_dummy, columned_hall_lemuel,
          uniq_erolcha
Temple:   nicolae_temple_no_exploring_needed
Lair:1:   minmay_holes, bh_autumn_forest_stairs
Lair:2:   infiniplex_staircase_pool_2
Lair:3:   nicolae_spider_entry_tight_spaces, eino_small_chamber_without_monster,
          infiniplex_staircase_pool
Lair:4:   elwin_shoals_entry_rocks, beast_lair_carwin_6
Lair:5:   beast_lair_carwin_large_1, enter_volcano_4

Action                   |  1- 3 |  4- 6 |  7- 9 | 10-12 || total
-------------------------+-------+-------+-------+-------++-------
Melee: Unarmed           |    10 |       |       |       ||    10
       Lajatang          |     8 |       |       |       ||     8
       Whip              |       |     6 |       |       ||     6
       Flail             |       |       |     2 |    27 ||    29
       Staff             |       |       |       |     1 ||     1
 Cast: Flame Tongue      |    64 |    37 |   226 |   201 ||   528
       Conjure Flame     |     1 |     5 |    16 |     9 ||    31
       Inner Flame       |     1 |     2 |    11 |    17 ||    31
       Sticky Flame      |       |       |    21 |    57 ||    78
       Fireball          |       |       |       |    58 ||    58
       Force Lance       |       |       |       |    10 ||    10
       Iron Shot         |       |       |       |     3 ||     3
Evoke: Wand              |       |       |     1 |     3 ||     4
  Use: Scroll            |     1 |     3 |     4 |     6 ||    14
 Stab: Sleeping          |     1 |     1 |     1 |       ||     3
       Distracted        |       |       |       |     1 ||     1
  Eat: Chunk             |     4 |     3 |    17 |    22 ||    46
